 Dungeon Crawl Stone Soup version 0.20-a0-187-ge5586d949a (webtiles) character file.

52579 feito the Imperceptible (level 14, -4/68 HPs)
             Began as a Spriggan Assassin on Nov 22, 2016.
             Was a Follower of Uskayaw.
             Shot with a bolt by a yaktaur captain (35 damage)
             ... on level 12 of the Dungeon on Nov 23, 2016.
             The game lasted 03:39:37 (24959 turns).

feito the Imperceptible (Spriggan Assassin)        Turns: 24959, Time: 03:39:38

Health: -4/68      AC:  5    Str: 10    XL:     14   Next: 27%
Magic:  21/21      EV: 30    Int: 12    God:    Uskayaw [*.....]
Gold:   1089       SH:  0    Dex: 23    Spells: 12/19 levels left

rFire  . . .     SeeInvis +     a - +2 dagger (drain)
rCold  . . .     Gourm    .     R - +0 troll leather armour
rNeg   . . .     Faith    .     (shield restricted)
rPois  .         Spirit   .     (helmet restricted)
rElec  .         Reflect  .     d - +0 cloak
rCorr  .         Harm     .     (gloves unavailable)
MR     ++...                    (boots unavailable)
Stlth  ++++++++..               c - amulet of regeneration
                                W - +3 ring of strength
                                O - +3 ring of slaying

@: very quick
A: unfitting armour, see invisible, herbivore 3, speed 3, slow metabolism 2
a: Stomp, Renounce Religion


You were on level 12 of the Dungeon.
You worshipped Uskayaw.
Uskayaw was aware of your devotion.
You were not hungry.

You visited 2 branches of the dungeon, and saw 18 of its levels.
You also visited: Sewer and Ice Cave.

You collected 1089 gold pieces.

Inventory:

Hand Weapons
 a - a +2 dagger of draining (weapon)
 b - a +0 blowgun
 K - a +2 dagger of speed
Missiles
 f - 6 curare-tipped needles
 r - 4 needles of frenzy
 G - 19 poisoned needles
 I - 4 tomahawks (quivered)
 Y - 2 steel tomahawks
Armour
 d - a +0 cloak (worn)
 l - +0 swamp dragon scales
 R - a +0 troll leather armour (worn)
Jewellery
 c - an amulet of regeneration (around neck)
 i - an uncursed ring of positive energy
 O - a +3 ring of slaying (left hand)
 W - a +3 ring of strength (right hand)
Wands
 h - a wand of paralysis (11/24)
 q - a wand of flame (26/48)
 y - a wand of paralysis (13/24)
 F - a wand of confusion (46/48)
 J - a wand of lightning (5/15)
 M - a wand of disintegration (7/24)
 P - a wand of polymorph (21/24)
 T - a wand of acid (1/15)
Scrolls
 e - 6 scrolls of teleportation
 m - 4 scrolls of enchant armour
 s - 6 scrolls of magic mapping
 t - 2 scrolls of recharging
 x - 2 scrolls of fog
 C - 5 scrolls of remove curse
 E - 4 scrolls of enchant weapon
 L - a scroll of holy word {unknown}
 X - a scroll of fear {unknown}
Potions
 j - a potion of cure mutation
 k - 6 potions of might
 o - 2 potions of resistance
 p - 3 potions of agility
 u - 7 potions of flight
 v - 8 potions of curing
 z - 3 potions of invisibility
 A - 6 potions of haste
 B - 4 potions of ambrosia {unknown}
 D - 3 potions of magic {unknown}
 S - 5 potions of lignification {unknown}
 Z - a potion of cancellation {unknown}
Books
 U - a book of Battle

   Spells                             Type                      Level
   a - Infusion                       Charms                       1
   b - Shroud of Golubria             Charms/Translocation         2
   c - Song of Slaying                Charms                       2
   d - Spectral Weapon                Hexes/Charms                 3
   e - Regeneration                   Charms/Necromancy            3
 V - a book of Maledictions

   Spells                             Type                      Level
   a - Corona                         Hexes                        1
   b - Ensorcelled Hibernation        Hexes/Ice                    2
   c - Confuse                        Hexes                        3
   d - Tukima's Dance                 Hexes                        3
   e - Dazzling Spray                 Conjuration/Hexes            3
Comestibles
 g - 12 bread rations
 H - 26 fruits
 Q - 7 slices of pizza


   Skills:
 - Level 5.0 Fighting
 * Level 11.3 Short Blades
 + Level 8.7 Throwing
 - Level 0.1 Armour
 * Level 12.9 Dodging
 * Level 21.6 Stealth
 * Level 3.1 Spellcasting
 * Level 3.2 Charms
 * Level 3.2 Translocations
 * Level 8.5 Invocations
 + Level 7.3 Evocations


You had 12 spell levels left.
You knew the following spells:

 Your Spells              Type           Power        Failure   Level  Hunger
a - Shroud of Golubria    Chrm/Tloc      #.........   17%         2    ###....
b - Song of Slaying       Chrm           #.......     17%         2    ###....
c - Confuse               Hex            #.......     91%         3    ###....


Dungeon Overview and Level Annotations

Branches:
Dungeon (12/15)            Temple (0/1) D:7            Lair (6/6) D:10
 Shoals (0/4) Lair:3       Spider (0/4) Lair:2        Slime (0/5) Lair:5
    Orc (0/2) D:10

Altars:
Ashenzari
Cheibriados
Dithmenos
Elyvilon
Fedhas
Gozag
Hepliaklqana
Makhleb
Ru
Trog
Uskayaw
Xom
Yredelemnul

Portals:
Trove: D:11 (give 18 potions of curing)

Annotations:
D:3 Yakui's ghost, amateur HEHu
D:8 Yakui's ghost, journeyman DsNe
Lair:1 exclusion: oklob plant
Lair:6 exclusion: oklob plant


Innate Abilities, Weirdness & Mutations

You are very small and have problems with some larger weapons.
You are too small for most types of armour.
You have supernaturally acute eyesight. (SInv)
You are a herbivore.
You cover ground extremely quickly.
You need consume almost no food.


Message History

The yaktaur captain shoots a bolt.
The bolt hits you!!
* * * LOW HITPOINT WARNING * * *
Things that are here:
a runed arbalest; 16 bolts; a yaktaur corpse You feel much better.
The yaktaur captain shoots a bolt.
The bolt completely misses you.
The yaktaur captain shoots a bolt.
The bolt hits you!!
You see here 2 bolts.
You feel much better.
A stone giant and a vampire come into view.
The yaktaur captain shoots a bolt.
The bolt hits you!!
The yaktaur captain shoots a bolt.
The bolt hits you!!
* * * LOW HITPOINT WARNING * * *
An ettin comes into view.
It is wielding an enchanted dire flail and a great mace.
There is an open door, spattered with blood here.
You see here 2 bolts.
You feel much better.
The ettin moves out of view.
The yaktaur captain shoots a bolt.
The bolt hits you!!
Ouch! That really hurt!
You die...

######## #......# #......# ####
##### #......#
###...######...#####......###
............@........(.......
######....#(#................
#....#..###(###........(..... ..
#......##...).##.............
...
#.....##.......##....#####...
#..#.....#...###...#....#...#...
#..##'#.##..# #..##...#...#...
#....#.#cV. .Cc#...#...#...
#......##. ..##...#...#...


You could see a yaktaur captain and a vampire.

Vanquished Creatures
  The ghost of murphy the Warrior, a journeyman MiBe of Trog (Lair:5)
  A dire elephant (Lair:6)
  8 hydras
  A catoblepas (Lair:6)
  A deep troll shaman (Lair:6)
  9 death yaks (Lair:6)
  2 hill giants (D:10)
  2 ugly things
  A cyclops (D:12)
  27 elephants
  A merfolk siren (Lair:3)
  An eye of devastation (Lair:5)
  A black mamba (Lair:4)
  11 spiny frogs
  A gargoyle (D:12)
  2 ice devils (Lair:1)
  8 komodo dragons
  A demonic crawler (Lair:2)
  A yaktaur (D:12)
  2 trolls (D:10)
  A hornet (D:11)
  4 blink frogs
  7 hippogriffs
  3 dream sheep
  Sigmund (D:3)
  4 wyverns
  28 yaks
  2 basilisks
  Menkaure (D:5)
  15 water moccasins
  Duvessa (D:5)
  4 sky beasts
  3 porcupines
  7 ice beasts
  5 orc warriors
  2 black bears
  An eye of draining (Lair:5)
  A hornet zombie (D:9)
  14 wolves
  3 ogres
  2 phantoms
  3 necrophages
  5 centaurs
  13 crocodiles
  6 big kobolds
  19 bullfrogs
  Dowan (D:5)
  A wyvern skeleton (D:12)
  8 scorpions
  8 wights
  6 killer bees (D:11)
  2 jellies
  An electric eel (Lair:3)
  4 howler monkeys
  4 crimson imps
  2 bullfrog zombies (D:11)
  2 centaur zombies
  4 hounds
  Crazy Yiuf (D:6)
  11 orc priests
  Jessica (D:3)
  An iguana (D:11)
  Terence (D:3)
  9 orc wizards
  9 worker ants
  2 hound zombies
  2 hound skeletons
  A worker ant zombie (D:6)
  17 adders
  4 river rats (Sewer)
  4 shadow imps
  An ooze (D:7)
  2 adder zombies
  An adder skeleton (D:7)
  5 worms
  2 dart slugs
  6 leopard geckos
  42 orcs
  6 ball pythons
  5 bats
  5 giant cockroaches
  2 goblins
  4 hobgoblins
  13 jackals
  4 quokkas
  5 frilled lizards
  31 kobolds
  24 rats
  A plant (Lair:6)
502 creatures vanquished.

Vanquished Creatures (others)
  An unseen horror (D:12)
  2 bushes (Lair:6)
  12 fungi (Lair:6)
  3 plants (Lair:6)
18 creatures vanquished.

Grand Total: 520 creatures vanquished

Notes
Turn   | Place    | Note
-------+----------+-------------------------------------------
     0 | D:1      | feito the Spriggan Assassin began the quest for the Orb.
     0 | D:1      | Reached XP level 1. HP: 10/10 MP: 2/2
    37 | D:1      | Reached skill level 6 in Stealth
   188 | D:1      | Reached XP level 2. HP: 10/14 MP: 3/3
   844 | D:2      | Found a hide-covered altar of Uskayaw.
   912 | D:2      | Found a burning altar of Makhleb.
   917 | D:2      | Reached skill level 7 in Stealth
   953 | D:2      | Reached XP level 3. HP: 17/18 MP: 4/4
  1018 | D:2      | Found a shadowy altar of Dithmenos.
  1174 | D:2      | Found a shimmering altar of Xom.
  1227 | D:2      | Reached XP level 4. HP: 20/23 MP: 5/5
  1342 | D:2      | Found a sacrificial altar of Ru.
  1359 | D:2      | Reached skill level 8 in Stealth
  1769 | D:3      | Noticed Jessica
  1776 | D:3      | Killed Jessica
  1789 | D:3      | Found an opulent altar of Gozag.
  1816 | D:3      | Noticed Yakui's ghost (amateur HEHu)
  1941 | D:2      | Became a worshipper of Uskayaw the Reveler
  1987 | D:3      | Noticed Terence
  2037 | D:3      | Reached * piety under Uskayaw
  2046 | D:3      | Killed Terence
  2046 | D:3      | Reached XP level 5. HP: 12/26 MP: 6/6
  2732 | D:3      | Noticed Sigmund
  2845 | D:3      | Killed Sigmund
  2845 | D:3      | Reached skill level 9 in Stealth
  2845 | D:3      | Reached skill level 1 in Invocations
  2845 | D:3      | Reached XP level 6. HP: 20/30 MP: 6/8
  3281 | D:4      | Found a shattered altar of Ashenzari.
  3372 | D:4      | Reached ** piety under Uskayaw
  3806 | D:4      | Found a white marble altar of Elyvilon.
  4155 | D:5      | Entered Level 5 of the Dungeon
  4270 | D:5      | Found a glowing drain.
  4278 | Sewer    | Entered a sewer
  4321 | Sewer    | Reached XP level 7. HP: 20/35 MP: 9/9
  5780 | D:5      | Noticed Duvessa
  5786 | D:5      | Killed Duvessa
  5786 | D:5      | Reached skill level 10 in Stealth
  5787 | D:5      | Noticed Dowan
  5788 | D:5      | Killed Dowan
  5788 | D:5      | Reached skill level 5 in Short Blades
  6089 | D:5      | Noticed Menkaure
  6093 | D:5      | Killed Menkaure
  6093 | D:5      | Reached XP level 8. HP: 39/39 MP: 10/10
  6454 | D:5      | Reached skill level 11 in Stealth
  6965 | D:5      | Reached skill level 5 in Dodging
  7144 | D:6      | Found a basalt altar of Yredelemnul.
  7454 | D:6      | Reached *** piety under Uskayaw
  8312 | D:6      | Reached skill level 5 in Throwing
  8444 | D:6      | Reached XP level 9. HP: 35/43 MP: 12/12
  8904 | D:6      | Found a runed door.
  9040 | D:6      | Noticed Crazy Yiuf
  9083 | D:6      | Killed Crazy Yiuf
  9344 | D:6      | Found a bloodstained altar of Trog.
  9535 | D:7      | Found a blossoming altar of Fedhas.
  9739 | D:7      | Reached skill level 12 in Stealth
  9989 | D:7      | Found a staircase to the Ecumenical Temple.
 10058 | D:7      | Found a snail-covered altar of Cheibriados.
 11069 | D:8      | Noticed Yakui's ghost (journeyman DsNe)
 12039 | D:9      | Reached XP level 10. HP: 13/49 MP: 14/14
 12710 | D:9      | Found a hazy altar of Hepliaklqana.
 12788 | D:9      | Reached **** piety under Uskayaw
 12932 | D:9      | Reached skill level 13 in Stealth
 13057 | D:9      | Reached skill level 1 in Evocations
 13222 | D:9      | Noticed a five-headed hydra
 13475 | D:9      | Noticed a two-headed hydra
 13507 | D:9      | Reached skill level 5 in Invocations
 13677 | D:9      | Killed a two-headed hydra
 14117 | D:10     | Entered Level 10 of the Dungeon
 14117 | D:10     | Found a staircase to the Orcish Mines.
 14178 | D:10     | Noticed a hill giant
 14209 | D:10     | Killed a hill giant
 14418 | D:10     | Found a staircase to the Lair.
 14696 | D:10     | Reached XP level 11. HP: 44/52 MP: 16/16
 15154 | D:10     | Reached skill level 14 in Stealth
 15348 | D:10     | Noticed a hill giant
 15355 | D:10     | Killed a hill giant
 15701 | Lair:1   | Entered Level 1 of the Lair of Beasts
 15942 | Lair:1   | Found a frozen archway.
 15953 | IceCv    | Entered an ice cave
 15953 | IceCv    | Noticed a white ugly thing
 15953 | IceCv    | Noticed mrath's ghost (journeyman MiFi)
 15973 | IceCv    | Killed a white ugly thing
 15975 | IceCv    | Reached ***** piety under Uskayaw
 16175 | Lair:1   | Reached skill level 15 in Stealth
 16305 | Lair:1   | Noticed an oklob plant
 16806 | Lair:2   | Noticed a six-headed hydra
 16817 | Lair:1   | Reached skill level 10 in Short Blades
 17004 | Lair:2   | Found a hole to the Spider Nest.
 17020 | Lair:2   | Reached skill level 5 in Evocations
 17024 | Lair:2   | Reached skill level 16 in Stealth
 17119 | Lair:2   | Reached skill level 10 in Dodging
 17322 | Lair:2   | Reached XP level 12. HP: 58/58 MP: 17/17
 17355 | Lair:2   | Killed a six-headed hydra
 17458 | Lair:2   | Reached skill level 17 in Stealth
 17460 | Lair:2   | You fall through a shaft!
 17476 | Lair:2   | Noticed a six-headed hydra
 17541 | Lair:2   | Killed a six-headed hydra
 18241 | Lair:3   | Noticed an eight-headed hydra
 18246 | Lair:3   | Killed an eight-headed hydra
 18291 | Lair:3   | Reached skill level 18 in Stealth
 18808 | Lair:3   | Found a staircase to the Shoals.
 18956 | Lair:4   | Noticed a five-headed hydra
 18970 | Lair:4   | Killed a five-headed hydra
 19126 | Lair:4   | Noticed a seven-headed hydra
 19614 | Lair:5   | Noticed an eight-headed hydra
 19808 | Lair:5   | Noticed murphy's ghost (journeyman MiBe)
 19921 | Lair:5   | Found a staircase to the Slime Pits.
 19997 | Lair:5   | Killed an eight-headed hydra
 20021 | Lair:5   | Killed murphy's ghost
 20021 | Lair:5   | Reached skill level 19 in Stealth
 20021 | Lair:5   | Reached XP level 13. HP: 63/63 MP: 19/19
 20305 | Lair:5   | Reached skill level 5 in Fighting
 20377 | Lair:5   | Upgraded the game from 0.20-a0-151-g755e310 to 0.20-a0-187-ge5586d949a
 20709 | Lair:6   | Entered Level 6 of the Lair of Beasts
 20898 | Lair:6   | Reached skill level 20 in Stealth
 20914 | Lair:6   | Reached ****** piety under Uskayaw
 21741 | Lair:6   | Reached skill level 1 in Spellcasting
 21762 | Lair:6   | Reached skill level 21 in Stealth
 21802 | Lair:6   | Learned a level 2 spell: Shroud of Golubria
 21805 | Lair:6   | Learned a level 2 spell: Song of Slaying
 21975 | Lair:6   | Reached skill level 1 in Charms
 22127 | Lair:6   | Reached skill level 1 in Translocations
 22176 | Lair:6   | Noticed a dire elephant
 22353 | Lair:6   | Reached XP level 14. HP: 64/68 MP: 21/21
 23500 | D:11     | Learned a level 3 spell: Confuse
 24381 | D:11     | Found a portal to a secret trove of treasure.
 24957 | D:12     | Noticed a stone giant
 24959 | D:12     | Shot with a bolt by a yaktaur captain

Vault maps used:
D:1:      scummos_arrival_forest
D:2:      lemuel_round_altar, overflow_temple_1_default,
          nicolae_overflow_hidden_temple, grunt_dithmenos_smoke_and_mirrors,
          brannock_xom_greatest_gift
D:3:      nicolae_gozag_cash_rules_everything_around_me, first_bread,
          uniq_jessica, uniq_sigmund, uniq_terence
D:4:      lemuel_upstairs_altar, old_standard_altar, evilmike_ruin_ashenzari
D:5:      lightli_sewer_entry_pipes, roderic_lattice_a, st_stairs_7,
          uniq_menkaure, uniq_duvessa
D:6:      lemuel_doored_altar, yredelemnul_altar_generic,
          uniq_crazy_yiuf_cottage
D:7:      lemuel_round_altar, slow_altar_2
D:8:      kennysheep_mini
D:9:      lemuel_crystal_altar, hangedman_ranch
D:10:     lair_entry_dummy, david_orc_2
D:11:     nicolae_trove_entry_crystal
D:12:     minmay_checkered_concentric_circles
Lair:1:   portal_ice_cave_demonic_guard, nicolae_lair_grove_arrangements,
          bh_autumn_forest_stairs, minmay_lair_oklob_chamber
Lair:2:   nicolae_spider_entry_non_spiders, cheibrodos_lair_reptile_den
Lair:3:   minmay_shoals_entry_lonely_mermaid, serial_bayou_lagoon_b,
          grunt_megastairs_1, serial_bayou_shore_a
Lair:4:   hangedman_lair_generics_rect, lemuel_fruit_fields,
          serial_bayou_shore_b, infiniplex_staircase_pool_2, grunt_megastairs_3
Lair:5:   onia_ninara_swampy_vault, minmay_slime_entry_eyes
Lair:6:   grunt_lair_end_beastmaster, lemuel_oklob_altar
Sewer:    sewer_minmay_treatment
IceCv:    ice_cave_statue_garden_teleport

Skill      XL: |  1  2  3  4  5  6  7  8  9 10 11 12 13 14 |
---------------+-------------------------------------------+-----
Stealth        | 6 7 8 9 10 11 12 13 16 19 21 | 21.6
Dodging        | 2 3 4 6 7 8 10 11 12 | 12.9
Fighting       | 2 3 4 5 |  5.0
Short Blades   | 3 4 5 6 7 9 10 11 | 11.3
Throwing       | 3 5 6 7 8 |  8.7
Invocations    | 1 2 3 4 5 6 7 8 |  8.5
Evocations     | 3 5 7 |  7.3
Spellcasting   | 2 3 |  3.1
Charms         | 1 3 |  3.2
Translocations | 1 3 |  3.2
Armour         | |  0.1

Action                   |  1- 3 |  4- 6 |  7- 9 | 10-12 | 13-15 || total
-------------------------+-------+-------+-------+-------+-------++-------
Melee: Dagger            |    60 |   218 |   656 |   816 |   734 ||  2484
 Fire: Blowgun           |     7 |    47 |   137 |    71 |    35 ||   297
Throw: Tomahawk          |       |       |    35 |    59 |    13 ||   107
 Cast: Shroud of Golubri |       |       |       |       |     4 ||     4
Invok: Stomp             |       |       |     4 |     2 |       ||     6
       Line Pass         |       |       |     1 |     5 |    10 ||    16
Evoke: Wand              |       |       |     1 |       |    13 ||    14
  Use: Scroll            |     1 |       |     3 |    10 |     5 ||    19
       Potion            |       |       |     8 |     6 |     7 ||    21
 Stab: Sleeping          |    13 |    15 |    37 |    44 |    20 ||   129
       Distracted        |       |       |     5 |     6 |     4 ||    15
       Confused          |       |       |     1 |     3 |    12 ||    16
       Paralysed         |       |       |     3 |    34 |    19 ||    56
       Invisible         |       |       |       |     4 |       ||     4
  Eat: Fruit             |       |     1 |       |       |       ||     1
       Pizza             |       |       |     2 |       |     1 ||     3
       Bread ration      |       |       |     1 |     2 |       ||     3
       Royal jelly       |       |       |       |       |     2 ||     2
Armor: Robe              |     4 |    28 |    12 |       |       ||    44
       Swamp dragon scal |       |       |    36 |    35 |       ||    71
       Troll leather arm |       |       |       |    17 |    25 ||    42
Dodge: Dodged            |    31 |   141 |   330 |   540 |   407 ||  1449
